[Event "Titled Tuesday Blitz December 27 Late 2022"]
[White "Oparin, Grigoriy"]
[Black "Gasanov, Eldar"]
[WhiteFideId "24125890"]
[BlackFideId "14104466"]
[WhiteElo "2667"]
[BlackElo "2481"]
[Result "0-1"]
[Round "06"]
[TimeControl "180+2"]
[Date "2022.12.27"]
[WhiteClock "0:00:02"]
[BlackClock "0:00:02"]

1. e4 c5 2. Nf3 Nc6 3. Nc3 g6 4. d4 cxd4 5. Nxd4 Bg7 6. Be3 Nf6 7. f3 O-O 8. Bc4 Qb6 9. Bb3 Ng4 10. fxg4 Bxd4 11. Bxd4 Qxd4 12. Qd3 d6 13. h3 Be6 14. Qxd4 Nxd4 15. O-O-O Nxb3+ 16. axb3 Rfc8 17. Rd4 Rc5 18. Kd2 Rac8 19. Ke3 h5 20. b4 Rg5 21. gxh5 gxh5 22. Rd2 Kh7 23. Rf1 Rc4 24. b5 Rb4 25. b3 Rc5 26. Rd3 f6 27. Ra1 Bd7 28. Rxa7 Bxb5 29. Nd5 Bxd3 30. Nxb4 Bxc2 31. Rxb7 Bxb3 32. Rxe7+ Kg6 33. Rd7 Rc3+ 34. Kf4 Rc4 35. Nd5 Rc2 36. Ne3 Rf2+ 37. Kg3 Re2 38. Kf3 Re1 39. Nf5 h4 40. Nxh4+ Kg5 41. Kf2 Rxe4 42. Nf3+ Kg6 43. Rxd6 Rb4 44. Rd4 Rb7 45. Rd2 Be6 46. Ng1 Bf5 47. Ne2 Be4 48. Rd4 Bc6 49. Nf4+ Kf5 50. Nd3 Re7 51. g4+ Kg5 52. Rd6 Be4 53. Nc5 Bg6 54. Ne6+ Kh4 55. Kg2 Be4+ 56. Kh2 Ra7 0-1


[Site "https://www.chess.com"]

[Event "Titled Tuesday Blitz December 27 Late 2022"]
[White "Osinenko, Anton"]
[Black "Fernandez Guillen, Ernesto J."]
[WhiteFideId "4158970"]
[BlackFideId "3512428"]
[WhiteElo "2203"]
[BlackElo "2477"]
[Result "0-1"]
[Round "06"]
[TimeControl "180+2"]
[Date "2022.12.27"]
[WhiteClock "0:00:02"]
[BlackClock "0:00:17"]

1. e4 e5 2. Nf3 Nc6 3. c3 g6 4. d4 exd4 5. Nxd4 Bg7 6. Nxc6 bxc6 7. h4 Ne7 8. h5 d5 9. h6 Bf6 10. Nd2 O-O 11. Bd3 Re8 12. Qc2 c5 13. O-O c4 14. Be2 c6 15. f4 Rb8 16. e5 Nf5 17. Nf3 Qb6+ 18. Kh2 Be7 19. Nd4 Nxd4 20. cxd4 Qxd4 21. Qc3 Qxc3 22. bxc3 Bc5 23. Kg3 Bf5 24. Bg4 Bxg4 25. Kxg4 f5+ 26. exf6 Kf7 27. Kg5 Re2 28. g3 d4 29. Rd1 d3 30. a4 Rb3 31. a5 Rxc3 32. Rb1 Ke6 33. Rb7 Rh2 34. g4 Rxc1 35. Re1+ Rxe1 0-1


[Site "https://www.chess.com"]

[Event "Titled Tuesday Blitz December 27 Late 2022"]
[White "Ozdemir, Serhan Berat"]
[Black "Orzech, Dominik"]
[WhiteFideId "6374611"]
[BlackFideId "1115065"]
[WhiteElo "2223"]
[BlackElo "2308"]
[Result "1-0"]
[Round "06"]
[TimeControl "180+2"]
[Date "2022.12.27"]
[WhiteClock "0:00:13"]
[BlackClock "0:00:40"]

1. e4 c5 2. Nf3 Nc6 3. Bb5 g6 4. Bxc6 dxc6 5. d3 Bg7 6. h3 Nf6 7. Nc3 Nd7 8. Be3 e5 9. Qd2 Qe7 10. O-O O-O 11. Bh6 Re8 12. Nh2 Bh8 13. f4 exf4 14. Bxf4 Ne5 15. Rae1 b6 16. Nf3 Bd7 17. Qf2 Nxf3+ 18. Qxf3 Rad8 19. e5 Be6 20. Qg3 Rd4 21. Bg5 Qc7 22. Ne4 c4 23. Nf6+ Bxf6 24. Bxf6 c5 25. Qe3 1-0


[Site "https://www.chess.com"]

[Event "Titled Tuesday Blitz December 27 Late 2022"]
[White "Pakleza, Zbigniew"]
[Black "Msellek, Ilyass"]
[WhiteFideId "1119290"]
[BlackFideId "675938"]
[WhiteElo "2494"]
[BlackElo "2420"]
[Result "0-1"]
[Round "06"]
[TimeControl "180+2"]
[Date "2022.12.27"]
[WhiteClock "0:00:01"]
[BlackClock "0:00:08"]

1. d4 d6 2. Nf3 Bf5 3. c4 Nf6 4. Nc3 g6 5. g3 Bg7 6. Bg2 Ne4 7. Qb3 Nxc3 8. bxc3 Be4 9. O-O O-O 10. Ba3 Nd7 11. Ne1 Bxg2 12. Nxg2 b6 13. Rad1 c5 14. e4 Qc8 15. Ne3 e6 16. Bc1 Qb7 17. d5 e5 18. f4 exf4 19. gxf4 Rae8 20. Qc2 Nf6 21. e5 dxe5 22. f5 e4 23. Kh1 Qd7 24. Qg2 Qd6 25. Rf2 Qe5 26. Bd2 b5 27. Be1 bxc4 28. Nxc4 Qb8 29. Re2 Nh5 30. Qg4 Qb5 31. Ne3 Nf6 32. Qg2 c4 33. fxg6 hxg6 34. Bh4 Nh5 35. Rf1 Bxc3 36. Rc2 Bd4 37. Nxc4 Qxd5 38. Rd1 Qc5 39. Bg3 Rd8 40. Rdc1 Qg5 0-1


[Site "https://www.chess.com"]

[Event "Titled Tuesday Blitz December 27 Late 2022"]
[White "Perez Ponsa, Federico"]
[Black "Popilski, Gil"]
[WhiteFideId "117927"]
[BlackFideId "2809060"]
[WhiteElo "2532"]
[BlackElo "2443"]
[Result "0-1"]
[Round "06"]
[TimeControl "180+2"]
[Date "2022.12.27"]
[WhiteClock "0:01:04"]
[BlackClock "0:00:55"]

1. d4 Nf6 2. c4 g6 3. Nc3 d5 4. cxd5 Nxd5 5. e4 Nxc3 6. bxc3 Bg7 7. Nf3 c5 8. Bb5+ Nd7 9. O-O O-O 10. Rb1 Nf6 11. Bd3 b6 12. d5 c4 13. Bc2 e6 14. dxe6 Bxe6 15. Nd4 Qc7 16. e5 Qxe5 17. Re1 Qa5 18. a4 Nd5 19. Rb5 Nxc3 20. Rxa5 Nxd1 21. Nxe6 fxe6 22. Ra6 Nxf2 23. Be3 Ng4 24. Be4 Rad8 25. Rxa7 Nxe3 0-1


[Site "https://www.chess.com"]

[Event "Titled Tuesday Blitz December 27 Late 2022"]
[White "Poliakova, Varvara"]
[Black "Paspuel, Trosky"]
[WhiteFideId "13518313"]
[BlackFideId "3602150"]
[WhiteElo "2010"]
[BlackElo "1721"]
[Result "1-0"]
[Round "06"]
[TimeControl "180+2"]
[Date "2022.12.27"]
[WhiteClock "0:02:22"]
[BlackClock "0:01:49"]

1. f4 b6 2. e4 Bb7 3. d3 c5 4. Nf3 e6 5. g3 Nf6 6. Bg2 d5 7. e5 Nfd7 8. O-O Nc6 9. Nc3 Be7 10. f5 Qc7 11. fxe6 fxe6 12. Ng5 Bxg5 13. Bxg5 Ncxe5 14. Qh5+ Ng6 15. Qh3 Qd6 16. Rae1 e5 17. Nb5 Qc6 18. Bxd5 Qxb5 19. Qe6+ 1-0


[Site "https://www.chess.com"]

[Event "Titled Tuesday Blitz December 27 Late 2022"]
[White "Przybylski, Wojciech"]
[Black "Melikhov, Evgeny V."]
[WhiteFideId "1117599"]
[BlackFideId "4122046"]
[WhiteElo "2321"]
[BlackElo "2269"]
[Result "1-0"]
[Round "06"]
[TimeControl "180+2"]
[Date "2022.12.27"]
[WhiteClock "0:00:14"]
[BlackClock "0:00:02"]

1. e4 e5 2. Nf3 Nc6 3. Bb5 a6 4. Ba4 Nf6 5. O-O Nxe4 6. d4 b5 7. Bb3 d5 8. dxe5 Be6 9. Nbd2 Bc5 10. Qe2 Bf5 11. c3 O-O 12. h3 Na5 13. Nxe4 dxe4 14. Nd4 Nxb3 15. Nxb3 Bb6 16. Be3 Qd5 17. Bxb6 cxb6 18. Qe3 Qxe5 19. Qxb6 Be6 20. Qd4 Qg5 21. Qe3 Qxe3 22. fxe3 Bxb3 23. axb3 a5 24. Rfd1 a4 25. b4 Rfd8 26. Rd4 Rxd4 27. exd4 f5 28. g3 Kf7 29. Kf2 Ke6 30. Ke3 Kd5 31. g4 g6 32. gxf5 gxf5 33. Kf4 Kc4 34. Rd1 a3 35. bxa3 Rxa3 36. d5 Ra7 37. Kxf5 e3 38. Ke6 e2 39. Re1 Kd3 40. d6 Kd2 41. d7 Ra8 42. Ra1 e1=Q+ 43. Rxe1 Kxe1 44. Ke7 Kd2 45. c4 bxc4 46. b5 c3 47. b6 c2 48. b7 Rb8 49. d8=Q+ Rxd8 50. Kxd8 c1=Q 51. b8=Q Qc3 52. Qh2+ Kc1 53. Ke7 Qe3+ 54. Kf6 h6 55. h4 Qf3+ 56. Kg6 h5 57. Qg1+ Kd2 58. Qg5+ Kd3 59. Qxh5 Qc6+ 60. Kg7 Qc3+ 61. Kh6 Qd2+ 62. Qg5 Qb4 63. h5 Qd6+ 64. Qg6+ 1-0


[Site "https://www.chess.com"]

[Event "Titled Tuesday Blitz December 27 Late 2022"]
[White "Putnam, Liam"]
[Black "Solon, Nathan"]
[WhiteFideId "30938279"]
[BlackFideId "2017229"]
[WhiteElo "2285"]
[BlackElo "2306"]
[Result "1-0"]
[Round "06"]
[TimeControl "180+2"]
[Date "2022.12.27"]
[WhiteClock "0:00:08"]
[BlackClock "0:00:01"]

1. e4 c5 2. Nf3 e6 3. d4 cxd4 4. Nxd4 Nf6 5. Nc3 Nc6 6. Ndb5 Bc5 7. Bf4 O-O 8. Bc7 Qe7 9. Bd6 Bxd6 10. Qxd6 Qd8 11. Bd3 a6 12. Nd4 Qb6 13. Nb3 Qb4 14. Qg3 d5 15. a3 Qe7 16. e5 Nd7 17. f4 f6 18. exf6 Qxf6 19. O-O Nd4 20. Nxd4 Qxd4+ 21. Kh1 Nf6 22. Rae1 Bd7 23. Re5 Rac8 24. Qh4 h6 25. Qg3 Ne4 26. Nxe4 dxe4 27. Rxe4 Qxb2 28. Rb4 Qf6 29. Rxb7 Bc6 30. Ra7 e5 31. Bxa6 exf4 32. Qb3+ Kh8 33. Bxc8 Rxc8 34. Rf7 Qg6 35. Rg1 Qg5 36. Qe6 Qd8 37. Qe5 Qg8 38. Qxf4 Re8 39. Rf1 Re2 40. Rf8 Rxg2 41. Rxg8+ Kxg8 42. Qc4+ Kh7 43. Qxc6 1-0


[Site "https://www.chess.com"]

[Event "Titled Tuesday Blitz December 27 Late 2022"]
[White "Rasulov, Vugar"]
[Black "Beerdsen, Thomas"]
[WhiteFideId "13402390"]
[BlackFideId "1030108"]
[WhiteElo "2523"]
[BlackElo "2507"]
[Result "1-0"]
[Round "06"]
[TimeControl "180+2"]
[Date "2022.12.27"]
[WhiteClock "0:00:35"]
[BlackClock "0:00:27"]

1. e4 e5 2. Nf3 Nc6 3. Nc3 Nf6 4. d4 exd4 5. Nxd4 Bb4 6. Nxc6 bxc6 7. Bd3 d5 8. Bd2 O-O 9. O-O Re8 10. Re1 Bg4 11. Qc1 Bd6 12. h3 Bh5 13. Bg5 h6 14. Bf4 Bxf4 15. Qxf4 d4 16. Na4 Nd7 17. Qg3 Qg5 18. Kh2 Qxg3+ 19. Kxg3 g5 20. h4 Bg6 21. hxg5 hxg5 22. b3 Rad8 23. Rad1 Re5 24. Nb2 Rde8 25. f3 Nb6 26. Kf2 c5 27. a4 a5 28. Bb5 R8e7 29. Nd3 R5e6 30. Nxc5 Re5 31. Nd3 R5e6 32. Nb2 c6 33. Bc4 Rd6 34. Bd3 c5 35. g3 Rf6 36. e5 Rfe6 37. f4 Bh5 38. Rc1 Bg4 39. Be4 f6 40. Nd3 c4 41. bxc4 fxe5 42. Nxe5 Rf6 43. Nxg4 1-0


[Site "https://www.chess.com"]

[Event "Titled Tuesday Blitz December 27 Late 2022"]
[White "Rego, Pedro Filipe"]
[Black "Suder, Jakub"]
[WhiteFideId "1904310"]
[BlackFideId "1195310"]
[WhiteElo "2312"]
[BlackElo "2244"]
[Result "1/2-1/2"]
[Round "06"]
[TimeControl "180+2"]
[Date "2022.12.27"]
[WhiteClock "0:00:29"]
[BlackClock "0:00:46"]

1. d4 d6 2. Nc3 Nf6 3. e4 e5 4. Nf3 Nbd7 5. Bc4 Be7 6. O-O O-O 7. h3 c6 8. a4 Qc7 9. Re1 b6 10. Bg5 Re8 11. Qd2 Bb7 12. Rad1 a6 13. dxe5 Nxe5 14. Nxe5 dxe5 15. Bxf6 Bxf6 16. Qd7 Re7 17. Qxc7 Rxc7 18. Rd3 b5 19. Bb3 Rd8 20. Rxd8+ Bxd8 21. Rd1 Be7 22. axb5 axb5 23. Kf1 Kf8 24. Ke2 Bc5 25. Nb1 Ke7 26. Rd3 f6 27. Nd2 Bc8 28. Nf3 Ra7 29. Rd1 Bb6 30. Nh4 g6 31. Nf3 Ba6 32. Nd2 Bd4 33. c3 Bb6 34. Ra1 b4+ 35. Ke1 bxc3 36. bxc3 Bd3 37. Rxa7+ Bxa7 38. Bc4 Bc2 39. f3 Be3 40. Ke2 Bxd2 41. Kxd2 Ba4 42. h4 g5 43. g3 Kd6 44. Ke3 Kc5 45. Bg8 h6 46. f4 Bb5 47. fxg5 fxg5 48. hxg5 hxg5 49. Kf3 Bc4 50. Bh7 Be6 51. Bf5 Bg8 52. Bd7 Kd6 53. Bf5 Kc5 54. Bd7 Kd6 55. Bf5 Ke7 56. Ke3 Bb3 57. Kd3 Kd6 58. Ke3 Kc5 59. Bd7 Bd1 60. Kd2 Ba4 61. Kd3 Bb5+ 62. Ke3 Kc4 63. Kf3 Kxc3 64. Kg4 Kd4 65. Kf5 Ba4 66. g4 Bb5 67. Be8 Ba4 68. Bd7 Bb5 69. Be8 Ba4 70. Bd7 1/2-1/2


[Site "https://www.chess.com"]

[Event "Titled Tuesday Blitz December 27 Late 2022"]
[White "Remolar Gallen, Jose"]
[Black "Makarian, Rudik"]
[WhiteFideId "2215187"]
[BlackFideId "44105681"]
[WhiteElo "2285"]
[BlackElo "2545"]
[Result "0-1"]
[Round "06"]
[TimeControl "180+2"]
[Date "2022.12.27"]
[WhiteClock "0:00:01"]
[BlackClock "0:00:09"]

1. d4 Nf6 2. c4 g6 3. Nc3 Bg7 4. e4 d6 5. Be2 O-O 6. Be3 Nc6 7. h4 e5 8. d5 Nd4 9. Bxd4 exd4 10. Qxd4 Re8 11. Qd3 Nd7 12. f3 Nc5 13. Qc2 f5 14. h5 fxe4 15. hxg6 Bf5 16. gxh7+ Kh8 17. O-O-O b5 18. cxb5 a6 19. Nh3 axb5 20. g4 b4 21. gxf5 bxc3 22. Kb1 Be5 23. f4 Rxa2 24. Kxa2 Qa8+ 25. Kb1 Rb8 26. Ng5 Nb3 27. Nf7+ Kg7 28. Qxb3 Rxb3 29. h8=Q+ Qxh8 30. Rdg1+ Kxf7 31. Rxh8 Rxb2+ 32. Kc1 Bxf4+ 33. Kd1 c2+ 34. Ke1 c1=Q+ 0-1


[Site "https://www.chess.com"]

[Event "Titled Tuesday Blitz December 27 Late 2022"]
[White "Rengifo Blancas, Renzo Jhonathan"]
[Black "Rodriguez Fontecha, Marcos"]
[WhiteFideId "3807185"]
[BlackFideId "2256576"]
[WhiteElo "2131"]
[BlackElo "2309"]
[Result "0-1"]
[Round "06"]
[TimeControl "180+2"]
[Date "2022.12.27"]
[WhiteClock "0:00:12"]
[BlackClock "0:00:09"]

1. e4 d5 2. exd5 Qxd5 3. Nc3 Qd6 4. Bc4 Nf6 5. Nge2 Nbd7 6. d3 e5 7. Bg5 Nb6 8. Bb3 Be7 9. Ng3 c6 10. Qf3 Bg4 11. Qe3 Nfd5 12. Nge4 Qg6 13. Nxd5 Nxd5 14. Bxd5 Bxg5 15. Nxg5 cxd5 16. h3 f6 17. hxg4 Qxg5 18. Qc5 Qxg4 19. Qxd5 Rd8 20. Qxb7 O-O 21. Qe4 Qxe4+ 22. dxe4 Rd4 23. f3 Rb8 24. b3 Rc8 25. Rc1 Rcd8 26. O-O g6 27. Kh2 Kf7 28. c4 Rd2 29. Ra1 R8d3 30. Kg3 f5 31. exf5 gxf5 32. Rfe1 Kf6 33. Kh4 f4 34. Rg1 Rd7 35. g4 fxg3 36. Rxg3 Rh2+ 37. Rh3 Rg2 38. Kh5 Rdg7 39. Rf1 R7g5+ 40. Kh6 Rg6+ 41. Kh5 R2g5+ 42. Kh4 Rh6# 0-1


[Site "https://www.chess.com"]

[Event "Titled Tuesday Blitz December 27 Late 2022"]
[White "Rian, Kapriaga"]
[Black "Novikova, Galina"]
[WhiteFideId "7103263"]
[BlackFideId "4157095"]
[WhiteElo "2089"]
[BlackElo "2073"]
[Result "1-0"]
[Round "06"]
[TimeControl "180+2"]
[Date "2022.12.27"]
[WhiteClock "0:00:13"]
[BlackClock "0:00:38"]

1. d4 e6 2. Nf3 f5 3. Nc3 Nf6 4. Bg5 Be7 5. Bxf6 Bxf6 6. e4 O-O 7. Bd3 d6 8. Qe2 c6 9. e5 dxe5 10. dxe5 Be7 11. O-O-O Qa5 12. Kb1 Na6 13. h4 Bb4 14. Bxa6 Bxc3 15. Bc4 Bb4 16. Ng5 h6 17. f4 b5 18. Bxe6+ Bxe6 19. Nxe6 Rfe8 20. Nd4 c5 21. Nxf5 c4 22. Rd7 c3 23. Rxg7+ Kf8 24. Qh5 Re7 25. Qxh6 Rxg7 26. Qxg7+ Ke8 27. Rd1 Rd8 28. Qg8+ Bf8 29. Qe6+ Be7 30. Qxe7# 1-0


[Site "https://www.chess.com"]

[Event "Titled Tuesday Blitz December 27 Late 2022"]
[White "Ronka, Erik"]
[Black "Foisor, Sabina-Francesca"]
[WhiteFideId "505080"]
[BlackFideId "1212915"]
[WhiteElo "2276"]
[BlackElo "2185"]
[Result "1-0"]
[Round "06"]
[TimeControl "180+2"]
[Date "2022.12.27"]
[WhiteClock "0:00:07"]
[BlackClock "0:00:17"]

1. d4 d5 2. Bf4 e6 3. e3 Bd6 4. Bg3 Nf6 5. Nf3 O-O 6. Nbd2 c5 7. c3 b6 8. Bd3 Ba6 9. Bc2 Nc6 10. Ne5 Ne7 11. Qf3 Rc8 12. O-O-O Ng6 13. h4 Qc7 14. Nxg6 fxg6 15. Bxd6 Qxd6 16. Qh3 cxd4 17. exd4 e5 18. dxe5 Qxe5 19. Nf3 Qf4+ 20. Kb1 Rcd8 21. Qe6+ Kh8 22. Ng5 Qc7 23. Rhe1 Bc8 24. Qe7 Qxe7 25. Rxe7 Kg8 26. f3 Rd7 27. Re5 h6 28. Nh3 Re8 29. Rxe8+ Nxe8 30. Bxg6 Nf6 31. Nf4 Bb7 32. Kc2 Rd6 33. h5 Kf8 34. Re1 Bc8 35. Nd3 d4 36. c4 Re6 37. Rxe6 Bxe6 38. b3 Ke7 39. Nf4 Nd7 40. Kd3 Ne5+ 41. Kxd4 Nc6+ 42. Kc3 Bd7 43. b4 Kd6 44. a3 a5 45. Nd3 axb4+ 46. axb4 Be6 47. b5 Na5 48. Nb2 Nb7 49. Kd4 Nc5 50. Nd3 Nb3+ 51. Kc3 Na5 52. Nb2 Nb7 53. Bd3 Nc5 54. Nd1 Bf7 55. Nf2 Nd7 56. Ne4+ Ke7 57. Kd4 Bxh5 58. c5 bxc5+ 59. Nxc5 Nb6 60. Ne4 Be8 61. Kc5 Nd7+ 62. Kd4 Ne5 63. Kxe5 Bxb5 64. Bxb5 g5 65. g4 h5 66. gxh5 1-0


[Site "https://www.chess.com"]

[Event "Titled Tuesday Blitz December 27 Late 2022"]
[White "Rose, Felix"]
[Black "Joubert, Dantelle"]
[WhiteFideId "5105722"]
[BlackFideId "14310813"]
[WhiteElo "2091"]
[BlackElo "1566"]
[Result "1-0"]
[Round "06"]
[TimeControl "180+2"]
[Date "2022.12.27"]
[WhiteClock "0:01:40"]
[BlackClock "0:00:01"]

1. e4 e5 2. Nf3 Nc6 3. Bb5 Nf6 4. d3 Bc5 5. O-O Nd4 6. Nxd4 Bxd4 7. c3 Bb6 8. Nd2 O-O 9. Ba4 d5 10. h3 dxe4 11. dxe4 Nd7 12. Bc2 c6 13. Qf3 Qf6 14. Qg3 Qg6 15. Qf3 Qf6 16. Qe2 Re8 17. Nf3 h6 18. Be3 Nf8 19. Rfd1 Be6 20. a4 Ng6 21. a5 Bxe3 22. fxe3 Red8 23. a6 b6 24. Qf2 Qe7 25. Qg3 Qc7 26. h4 Rxd1+ 27. Rxd1 1-0


[Site "https://www.chess.com"]

[Event "Titled Tuesday Blitz December 27 Late 2022"]
[White "Rosenberg, Evan S"]
[Black "Weisz, Bryan"]
[WhiteFideId "2019299"]
[BlackFideId "30934133"]
[WhiteElo "1956"]
[BlackElo "1973"]
[Result "0-1"]
[Round "06"]
[TimeControl "180+2"]
[Date "2022.12.27"]
[WhiteClock "0:00:03"]
[BlackClock "0:00:16"]

1. d4 Nf6 2. Nf3 Ne4 3. Bf4 c5 4. Nbd2 Nxd2 5. Qxd2 cxd4 6. Nxd4 Nc6 7. O-O-O d5 8. Nb5 e5 9. Qxd5 Qa5 10. Bd2 Qb6 11. Be3 Qa5 12. Bd2 Qb6 13. e3 Be6 14. Qe4 O-O-O 15. Kb1 Bb4 16. Bd3 Bxd2 17. Rxd2 f5 18. Qa4 e4 0-1


[Site "https://www.chess.com"]

[Event "Titled Tuesday Blitz December 27 Late 2022"]
[White "Sailer, Mike"]
[Black "marik_spb"]
[WhiteFideId "2012901"]
[WhiteElo "2109"]
[BlackElo "2448"]
[Result "0-1"]
[Round "06"]
[TimeControl "180+2"]
[Date "2022.12.27"]
[WhiteClock "0:00:01"]
[BlackClock "0:00:19"]

1. d4 Nf6 2. Bf4 d5 3. e3 e6 4. Bd3 Bd6 5. Bg3 b6 6. Nf3 Bb7 7. O-O O-O 8. c4 Nbd7 9. cxd5 Bxd5 10. Nc3 Bb7 11. Rc1 Bxg3 12. hxg3 c5 13. Qe2 Rc8 14. Rfd1 Qc7 15. e4 cxd4 16. Nxd4 Nc5 17. Bb1 Qe5 18. f4 Qh5 19. Qxh5 Nxh5 20. e5 Nxg3 21. Ndb5 Nce4 22. Bxe4 Nxe4 23. Nxe4 Bxe4 24. Rxc8 Rxc8 25. Nxa7 Ra8 26. Nb5 g5 27. a3 gxf4 28. Rd6 Rc8 29. Rd4 Rc1+ 30. Kh2 f3 31. gxf3 Bxf3 32. Rd6 Bd5 33. Rxb6 Rc2+ 34. Kg3 Rxb2 35. a4 Ra2 0-1


[Site "https://www.chess.com"]

[Event "Titled Tuesday Blitz December 27 Late 2022"]
[White "Salman, Pavel"]
[Black "Sanchez, Robert"]
[WhiteFideId "24153753"]
[BlackFideId "2034360"]
[WhiteElo "2287"]
[BlackElo "1966"]
[Result "0-1"]
[Round "06"]
[TimeControl "180+2"]
[Date "2022.12.27"]
[WhiteClock "0:00:24"]
[BlackClock "0:00:09"]

1. d4 d5 2. Nc3 e6 3. Bf4 Nf6 4. Nb5 Na6 5. e3 c6 6. Nc3 Bb4 7. Bxa6 bxa6 8. Ne2 O-O 9. g4 a5 10. g5 Nd7 11. h4 Ba6 12. a3 Be7 13. Ng3 c5 14. Qg4 Qb6 15. Nd1 cxd4 16. h5 e5 17. Qxd7 exf4 18. Nf5 Bc5 19. g6 dxe3 20. gxh7+ Kh8 21. fxe3 Rae8 22. Qxd5 Bb7 23. Qd3 Bxh1 24. Qc3 f6 25. h6 g6 26. Nh4 Be4 27. Nf2 Bf5 28. O-O-O Bxe3+ 29. Kb1 Bxf2 30. Nxf5 gxf5 31. b3 a4 32. Rd7 axb3 33. cxb3 Qe3 34. Rd3 Qe1+ 35. Qxe1 Rxe1+ 36. Kc2 Rfe8 37. Rd7 R8e7 38. Rd8+ Kxh7 39. Rf8 Kxh6 40. Rxf6+ Kg5 41. Rf8 Kg4 42. Rg8+ Kf3 43. Rh8 R7e2+ 44. Kd3 Bg3 45. Kc4 Re4+ 46. Kb5 R1e3 47. b4 Ke2 48. a4 f3 49. a5 f2 50. Ka6 f1=Q 51. b5 Re6+ 52. Kxa7 Qf4 53. b6 Re7+ 54. Ka6 Qc4# 0-1


[Site "https://www.chess.com"]

[Event "Titled Tuesday Blitz December 27 Late 2022"]
[White "Samsonkin, Artiom"]
[Black "Gascon Del Nogal, Jose Rafael"]
[WhiteFideId "13503111"]
[BlackFideId "3902463"]
[WhiteElo "2420"]
[BlackElo "2459"]
[Result "1/2-1/2"]
[Round "06"]
[TimeControl "180+2"]
[Date "2022.12.27"]
[WhiteClock "0:00:15"]
[BlackClock "0:00:20"]

1. e4 c5 2. Nf3 d6 3. d4 cxd4 4. Qxd4 Nf6 5. Be2 Nc6 6. Qe3 g6 7. O-O Bg7 8. c4 O-O 9. h3 Nd7 10. Nc3 Nc5 11. Rb1 f5 12. b4 Nxe4 13. Nxe4 fxe4 14. Ng5 Bf5 15. Bb2 Ne5 16. Nxe4 Qb6 17. c5 Qc6 18. Ng5 Bxb1 19. Rxb1 Bh6 20. Qb3+ Kh8 21. Nf7+ Rxf7 22. Qxf7 Bg7 23. Qxe7 Qe4 24. Re1 Qxb4 25. Rb1 Qe4 26. Re1 Qb4 27. Rb1 Qe4 28. Re1 Qb4 1/2-1/2


[Site "https://www.chess.com"]

[Event "Titled Tuesday Blitz December 27 Late 2022"]
[White "Sargsyan, Anna M."]
[Black "Yuan, Qingyu"]
[WhiteFideId "13308130"]
[BlackFideId "8609772"]
[WhiteElo "2375"]
[BlackElo "2373"]
[Result "0-1"]
[Round "06"]
[TimeControl "180+2"]
[Date "2022.12.27"]
[WhiteClock "0:01:37"]
[BlackClock "0:00:40"]

1. e4 e5 2. Nf3 Nc6 3. Bc4 Bc5 4. d3 Nf6 5. c3 O-O 6. h3 d5 7. exd5 Nxd5 8. O-O Nb6 9. Bb3 Bf5 10. Bc2 Qd7 11. Re1 Rfe8 12. Qe2 a5 13. Nbd2 f6 14. Ne4 Bd6 15. Bd2 Kh8 16. Rad1 Nd5 17. Bc1 Rad8 18. Ng3 Nf4 19. Qe3 Bxh3 20. Qe4 Bxg2 21. d4 Qh3 22. Bxf4 Bxf3 23. Qxf3 exf4 24. Bf5 Qh4 25. Kg2 Qg5 26. Rh1 g6 27. Qd5 Re7 0-1


[Site "https://www.chess.com"]

[Event "Titled Tuesday Blitz December 27 Late 2022"]
[White "Senthil, Maran K"]
[Black "Araujo, Everson De Moura"]
[WhiteFideId "25035681"]
[BlackFideId "22737197"]
[WhiteElo "2209"]
[BlackElo "1944"]
[Result "1-0"]
[Round "06"]
[TimeControl "180+2"]
[Date "2022.12.27"]
[WhiteClock "0:01:20"]
[BlackClock "0:00:12"]

1. d4 d5 2. c4 e6 3. Nf3 Nf6 4. g3 Be7 5. Bg2 O-O 6. O-O dxc4 7. Qa4 a6 8. Qxc4 b5 9. Qc2 Bb7 10. Bd2 Be4 11. Qc1 Bb7 12. Qc2 Be4 13. Qc1 Bb7 14. Bf4 Nd5 15. Nbd2 Nxf4 16. gxf4 Nd7 17. Nb3 Rc8 18. Na5 Bxf3 19. Bxf3 Nb8 20. e3 c5 21. Nb7 Qb6 22. Nxc5 Bxc5 23. dxc5 Rxc5 24. Qd1 Rd8 25. Qe2 Rdc8 26. Rfd1 Nc6 27. Rd6 Qb8 28. Rad1 Nb4 29. Qd2 Rc1 30. Qxb4 R8c4 31. Qd2 Rc8 32. Rxc1 1-0


[Site "https://www.chess.com"]

[Event "Titled Tuesday Blitz December 27 Late 2022"]
[White "Shapiro, Daniel"]
[Black "Bilan, Danila"]
[WhiteFideId "2001780"]
[BlackFideId "24161918"]
[WhiteElo "2284"]
[BlackElo "2303"]
[Result "0-1"]
[Round "06"]
[TimeControl "180+2"]
[Date "2022.12.27"]
[WhiteClock "0:00:36"]
[BlackClock "0:00:11"]

1. d4 d5 2. c4 c6 3. Nf3 Nf6 4. Qb3 e6 5. Nc3 Nbd7 6. Bg5 Be7 7. e3 O-O 8. Rd1 b6 9. Qc2 Bb7 10. Bd3 Rc8 11. b3 h6 12. h4 c5 13. Bf4 dxc4 14. bxc4 Bxf3 15. gxf3 cxd4 16. exd4 Nh5 17. Be3 Bxh4 18. Ke2 Qf6 19. Ne4 Qe7 20. Rdg1 f5 21. Nd6 Qxd6 22. Rxh4 f4 23. Rxh5 fxe3 24. Rxh6 Qf4 25. Bh7+ Kf7 26. Qg6+ Ke7 27. Rg4 Qxh6 28. Qxh6 gxh6 29. Rg7+ Rf7 30. Rxf7+ Kxf7 31. Be4 exf2 32. Bd3 e5 33. d5 Nc5 34. Bf5 Rf8 35. Kxf2 Kf6 36. Bg4 Nb7 37. Ke3 Nd6 38. Kd3 Kg5 39. Be6 h5 0-1


[Site "https://www.chess.com"]

[Event "Titled Tuesday Blitz December 27 Late 2022"]
[White "Slade, Theodore"]
[Black "Stankovic, Ivan G"]
[WhiteFideId "426547"]
[BlackFideId "902837"]
[WhiteElo "1995"]
[BlackElo "2302"]
[Result "0-1"]
[Round "06"]
[TimeControl "180+2"]
[Date "2022.12.27"]
[WhiteClock "0:00:05"]
[BlackClock "0:00:18"]

1. d4 d5 2. c4 c6 3. Nc3 Nf6 4. e3 a6 5. Nf3 Bf5 6. Nh4 Bc8 7. Be2 h6 8. O-O g5 9. Nf3 Bf5 10. Bd3 Bxd3 11. Qxd3 Bg7 12. e4 dxe4 13. Nxe4 Nxe4 14. Qxe4 Nd7 15. Re1 Nf6 16. Qe2 e6 17. Be3 O-O 18. h4 g4 19. Ne5 h5 20. Rad1 Nd7 21. Bg5 Qc7 22. Nxg4 hxg4 23. Qxg4 f5 24. Qh5 Nf6 25. Bxf6 Rxf6 26. Re3 Qf7 27. Qf3 Rd8 28. Red3 Rh6 29. g3 Qh5 30. Qf4 Rg6 31. Qc7 Bf6 32. Qxb7 Bxh4 33. Qxc6 f4 34. Qg2 fxg3 35. fxg3 Bxg3 36. Rxg3 Qxd1+ 37. Kh2 Qh5+ 38. Kg1 Rxg3 39. Qxg3+ Kh8 40. Qf4 Rg8+ 41. Kf2 Qf5 42. Qxf5 exf5 43. Ke3 Rg4 44. c5 Kg7 45. c6 Kf6 46. b4 Ke6 47. a4 Kd6 48. b5 axb5 49. axb5 Rg1 50. Kf4 Rb1 51. Kxf5 Rxb5+ 52. Ke4 Kxc6 53. Ke3 Kd5 54. Kd3 Rb3+ 55. Kc2 Rb4 56. Kc3 Rxd4 0-1


[Site "https://www.chess.com"]

[Event "Titled Tuesday Blitz December 27 Late 2022"]
[White "Smith, Garrett L"]
[Black "Arencibia Monduy, Antonio"]
[WhiteFideId "2024829"]
[BlackFideId "3507939"]
[WhiteElo "2047"]
[BlackElo "2122"]
[Result "1-0"]
[Round "06"]
[TimeControl "180+2"]
[Date "2022.12.27"]
[WhiteClock "0:00:16"]
[BlackClock "0:00:01"]

1. e4 c5 2. a3 d6 3. Nf3 Nf6 4. Nc3 a6 5. Bc4 e6 6. d3 Be7 7. O-O b5 8. Ba2 Bb7 9. Be3 Qc7 10. h3 O-O 11. Re1 Nbd7 12. Qd2 Rac8 13. Bf4 b4 14. Ne2 e5 15. Bh2 a5 16. Ng3 g6 17. c3 bxc3 18. bxc3 d5 19. exd5 Bxd5 20. Qe3 Bxa2 21. Rxa2 Nd5 22. Qd2 Bf6 23. Ne4 Bg7 24. d4 cxd4 25. cxd4 N5b6 26. Qb2 Nc4 27. Qc1 f6 28. Rc2 Ndb6 29. Nc5 Qf7 30. Nd2 Nxd2 31. Qxd2 Rfd8 32. Qxa5 Nc4 33. Qb4 Nd6 34. dxe5 fxe5 35. Bxe5 Bxe5 36. Rxe5 Nf5 37. Rce2 Qc7 38. Qc4+ Kh8 39. Qc3 Kg8 40. Qb3+ Kh8 41. Ne6 Qc1+ 42. Re1 Rd1 43. Qxd1 Qc3 44. Ng5 Rf8 45. Re8 1-0


[Site "https://www.chess.com"]